 Dungeon Crawl Stone Soup version 0.27-a0-1365-ge71e8f7681 (webtiles) character file.

Game seed: 3500654593325618878

2052 Froggeryz the Slicer (level 9, -1/56 HPs)
             Began as an Octopode Berserker on June 28, 2021.
             Was a High Priest of Trog.
             Succumbed to a killer bee's poison
             ... on level 7 of the Dungeon.
             The game lasted 00:05:21 (5929 turns).

Froggeryz the Slicer (Octopode Berserker)           Turns: 5929, Time: 00:05:21

Health: -1/56      AC:  2    Str: 16    XL:     9   Next: 25%
Magic:  9/9        EV: 16    Int: 10    God:    Trog [*****.]
Gold:   315        SH:  0    Dex: 14    Spells: 8/8 levels left

rFire    . . .     SeeInvis .   d - +2 short sword (venom)
rCold    . . .     Faith    .   (no shield)
rNeg     . . .     Spirit   .   h - +1 hat {Will+}
rPois    .         Reflect  .   (no amulet)
rElec    .         Harm     .   (no ring)
rCorr    .         Rampage  .   (no ring)
Will     +....                  (no ring)
Stlth    ++++......             (no ring)
HPRegen  0.18/turn              (no ring)
MPRegen  0.11/turn              (no ring)
                                (no ring)
                                (no ring)

@: lethally poisoned (-1 -> -9), on berserk cooldown, slowed, very slow
A: almost no armour, amphibious, 8 rings, camouflage 1, gelatinous body 1,
(nimble swimmer 1), tentacles
a: Renounce Religion, Berserk, Trog's Hand, Brothers in Arms


You were on level 7 of the Dungeon.
You worshipped Trog.
Trog was extremely pleased with you.
You visited 1 branch of the dungeon, and saw 7 of its levels.

You collected 315 gold pieces.

Inventory:

Hand Weapons
 d - a +2 short sword of venom (weapon)
Missiles
 b - a throwing net (quivered)
 w - 7 boomerangs
 x - 10 poisoned darts
Armour
 h - a +1 hat of willpower (worn)
Scrolls
 f - 3 scrolls of teleportation {unknown}
 j - a scroll of fog {unknown}
 k - 2 scrolls of enchant armour {unknown}
 m - 2 scrolls of noise {unknown}
 p - a scroll of torment {unknown}
 s - 2 scrolls of blinking {unknown}
 v - a scroll of identify
Potions
 a - a potion of mutation {unknown}
 c - 2 potions of curing {unknown}
 e - 2 potions of haste
 g - a potion of flight
 i - a potion of cancellation {unknown}
 l - a potion of lignification {unknown}
 n - a potion of ambrosia {unknown}
 o - a potion of brilliance {unknown}
 q - a potion of heal wounds {unknown}
 r - a potion of resistance {unknown}
 t - a potion of might {unknown}
 u - a potion of magic {unknown}


   Skills:
 - Level 3.0 Fighting
 + Level 9.1 Short Blades
 * Level 7.0 Dodging
 - Level 7.2 Stealth


You had 8 spell levels left.
You didn't know any spells.
Your spell library was empty.

Dungeon Overview and Level Annotations

Branches:
Dungeon (7/15)             Temple (0/1) D:4

Altars:
Ashenzari
Cheibriados
Dithmenos
Fedhas
Okawaru
Qazlal
Ru
Zin
The Shining One

Annotations:
D:6 1 runed translucent door, EiAlmux's ghost, novice GrCj


Innate Abilities, Weirdness & Mutations

You cannot wear most types of armour.
You are amphibious.
You can wear up to eight rings at the same time.
Your skin changes colour to match your surroundings (Stealth+).
Your rubbery body absorbs attacks. (AC +1, EV +1)
((You are camouflaged near water. (Stealth+)))
You have tentacles for arms and can constrict up to eight enemies at once.


Message History

The killer bee is heavily wounded.
You constrict the killer bee.
You feel sick. The killer bee misses you.
You hit the killer bee.
The killer bee looks as sick as possible!
You squeeze the killer bee.
You kill the killer bee!
Trog accepts your kill.
You feel sick.
You feel very sick. The bullfrog barely misses you.
There is an open door, spattered with blood here.
You completely miss the bullfrog. Your grab misses the bullfrog.
Your squeeze misses the bullfrog.
You feel sick. The bullfrog hits you!
* * * LOW HITPOINT WARNING * * *
You puncture the bullfrog! Your grab misses the bullfrog.
Your squeeze misses the bullfrog.
The bullfrog is heavily wounded.
* * * LOW HITPOINT WARNING * * *
You feel sick. The bullfrog hits you!
* * * LOW HITPOINT WARNING * * *
You hit the bullfrog.
The bullfrog is poisoned.
Your grab misses the bullfrog.
The bullfrog is severely wounded.
* * * LOW HITPOINT WARNING * * *
You feel sick.
You puncture the bullfrog!
You kill the bullfrog!
Trog accepts your kill.
* * * LOW HITPOINT WARNING * * *
You feel sick.
Your Dodging skill increases to level 7!
You are too berserk!
* * * LOW HITPOINT WARNING * * *
You feel sick.
You are too berserk!
You feel a strong urge to attack something.
You are no longer berserk.
Trog's vigour flows through your veins.
You are exhausted.
You feel yourself slow down.
You die...

......# .........#
#...# ........# #...#
........# #...#
.......# #######...#
.......#
..........######......#
..............†'......#
.<.............#@.....#
...............#..><..#
..........###'##......#
#'#####...##...#......#
#....##...##...#......#
.....##...##...#!.....#
...............#......#
...............#......#
...............#


There were no monsters in sight!

Vanquished Creatures
  A steam dragon (D:5)
  2 black bears
  An ice beast (D:6)
  An ogre (D:4)
  A centaur (D:5)
  A kobold brigand (D:6)
  A bullfrog (D:7)
  A gnoll sergeant (D:6)
  4 scorpions
  7 killer bees
  A bullfrog zombie (D:6)
  A jelly (D:6)
  7 hounds
  A centaur skeleton (D:5)
  4 iguanas
  4 orc wizards (D:5)
  Robin (D:2)
  3 gnolls
  4 adders
  A white imp (D:6)
  An adder skeleton (D:5)
  5 worms
  3 dart slugs
  23 orcs
  8 endoplasms
  3 giant cockroaches
  16 goblins
  11 hobgoblins
  12 jackals
  4 quokkas
  5 ball pythons
  3 bats
  5 frilled lizards
  12 kobolds
  8 rats
166 creatures vanquished.

Vanquished Creatures (others)
  6 plants (D:4)
6 creatures vanquished.

Grand Total: 172 creatures vanquished

Notes
Turn   | Place    | Note
-------+----------+-------------------------------------------
     0 | D:1      | Froggeryz the Octopode Berserker began the quest for the
                  | Orb.
     0 | D:1      | Reached XP level 1. HP: 16/16 MP: 1/1
    87 | D:1      | Reached skill level 1 in Stealth
   154 | D:1      | Reached XP level 2. HP: 21/21 MP: 2/2
   430 | D:1      | Found a faded altar of an unknown god.
   648 | D:2      | Reached XP level 3. HP: 21/26 MP: 3/3
   714 | D:2      | Reached ** piety under Trog
   724 | D:2      | You fall into a shaft and drop 1 floor!
   724 | D:3      | Found a snail-covered altar of Cheibriados.
   724 | D:3      | Found a sacrificial altar of Ru.
   746 | D:4      | Noticed an ogre
   843 | D:2      | Noticed Robin
   848 | D:2      | Reached skill level 4 in Short Blades
   861 | D:2      | Killed Robin
   862 | D:2      | Reached XP level 4. HP: 12/31 MP: 4/4
  1362 | D:3      | Identified a scroll of acquirement
  1367 | D:3      | Acquired a +1 hat of willpower
  1843 | D:3      | Found a shadowy altar of Dithmenos.
  1977 | D:4      | Noticed a scorpion
  1980 | D:4      | Killed a scorpion
  1981 | D:4      | Reached skill level 5 in Short Blades
  1981 | D:4      | Reached XP level 5. HP: 27/36 MP: 5/5
  2010 | D:4      | Reached *** piety under Trog
  2026 | D:4      | Killed an ogre
  2027 | D:4      | Reached XP level 6. HP: 36/42 MP: 6/6
  2029 | D:4      | Reached skill level 6 in Short Blades
  2029 | D:4      | Reached skill level 5 in Stealth
  2501 | D:4      | Found a staircase to the Ecumenical Temple.
  2603 | D:4      | Found a stormy altar of Qazlal.
  2603 | D:4      | Found an iron altar of Okawaru.
  2603 | D:4      | Found a blossoming altar of Fedhas.
  2705 | D:5      | Entered Level 5 of the Dungeon
  2722 | D:5      | Noticed a black bear
  2726 | D:5      | Reached XP level 7. HP: 46/46 MP: 7/7
  3042 | D:5      | Reached **** piety under Trog
  3071 | D:5      | Reached skill level 7 in Short Blades
  3780 | D:5      | Reached XP level 8. HP: 52/52 MP: 8/8
  3881 | D:5      | Reached skill level 8 in Short Blades
  4155 | D:5      | Found a glowing golden altar of the Shining One.
  4418 | D:5      | Found a glowing silver altar of Zin.
  4418 | D:5      | Found a broken altar of Ashenzari.
  4607 | D:6      | Reached skill level 5 in Dodging
  4659 | D:6      | Reached ***** piety under Trog
  4802 | D:6      | Reached XP level 9. HP: 44/56 MP: 9/9
  5496 | D:6      | Reached skill level 9 in Short Blades
  5672 | D:6      | Found a runed translucent door.
  5675 | D:6      | Noticed EiAlmux's ghost (novice GrCj)
  5927 | D:7      | HP: 3/84 [poisoned by a killer bee]
  5929 | D:7      | Succumbed to a killer bee's poison

Illustrated notes

Levels and vault maps discovered:
D:1:      lemuel_arrival_muddy, layout_loops_ring,
          dilly_ecumenical_altar_fadedgnrine
D:2:      layout_basic, uniq_robin
D:3:      layout_rooms, nicolae_dithmenos_shadow_blocks,
          nicolae_overflow_hidden_temple
D:4:      layout_cave_pools, gammafunk_temple_overflow_claw,
          minmay_temple_entry_enclosed_plants,
          hangedman_abyss_or_decor_jellyfish_corner,
          chequers_serial_rivers_room_b, serial_bayou_pond_b, grunt_ministairs_1
D:5:      layout_basic, amcnicky_altar_gilded, gammafunk_temple_overflow_statue
D:6:      layout_cave_pools, ebering_ghost_reflecting_pool, serial_column_ruins,
          column_ruins_open_tiny, column_ruins_columns_plus,
          column_ruins_columns_straight, column_ruins_open_medium
D:7:      layout_gridville, nicolae_alphabet_shops, grunt_decor_arrowhead,
          nicolae_shop_overcharged_wands

Skill      XL: |  1  2  3  4  5  6  7  8  9 |
---------------+----------------------------+-----
Stealth        | 1 2 3 4 5 7 |  7.2
Short Blades   | 4 5 6 7 8 9 |  9.1
Dodging        | 6 7 |  7.0
Fighting       | |  3.0

Action                   |  1- 3 |  4- 6 |  7- 9 || total
-------------------------+-------+-------+-------++-------
Melee: Short sword       |    56 |   111 |   172 ||   339
       Tentacles         |     7 |    22 |    27 ||    56
       Constrict         |    12 |    30 |    28 ||    70
Invok: Berserk           |     1 |     1 |     8 ||    10
       Trog's Hand       |     1 |       |       ||     1
  Use: Scroll            |       |     2 |     2 ||     4
 Stab: Sleeping          |    11 |    10 |    13 ||    34
Armor: Skin              |     1 |     7 |     9 ||    17
Dodge: Dodged            |    29 |    40 |    76 ||   145

Table legend: (Time is in decaauts)
 A = Elapsed time spent in this place.
 B = Non-inter-level travel time spent in this place.
 C = Inter-level travel time spent in this place.
 D = Time resting spent in this place.
 E = Time spent auto-exploring this place.
 F = Levels seen in this place.
 G = Mean time per level.
                   A        B        C        D        E       F      G
               +--------+--------+--------+--------+--------+-----+--------+
         Total |   5931 |   5788 |    143 |   1484 |   3453 |   7 |  847.3 |
       Dungeon |   5931 |   5788 |    143 |   1484 |   3453 |   7 |  847.3 |
               +--------+--------+--------+--------+--------+-----+--------+

Top non-repeatable levels by time:
     D:5: 2171 daAuts
     D:4: 902 daAuts
     D:3: 791 daAuts
     D:6: 702 daAuts
     D:2: 687 daAuts
     D:1: 635 daAuts
     D:7: 40 daAuts
